Map: Orbital Shipyard

Players

LilDicky - Winner!

  • Race: Terran Terran
  • League: Diamond

Taitolas

  • Race: Terran Terran
  • League: Diamond

VOD

http://www.twitch.tv/tumescentpie

Description

Time

  • Played on: Dec. 26, 2015, 9:02 p.m.
  • Length: 23:15
Show
View Real Time Build Order
Export as new Build Order

LilDicky Terran - Winner!

Build Orders:  

Get SALT Encoding   

  12  0:02  SCV  
  13  0:14  SCV  
  13  0:19  Supply Depot  
  14  0:26  SCV  
  15  0:44  Barracks  
  15  0:47  SCV  
  16  0:54  Refinery  
  16  1:01  SCV  
  17  1:13  SCV  
  18  1:29  SCV  
  19  1:33  Refinery  
  19  1:35  Marine  
  19  1:39  Barracks  
  20  1:41  Barracks  
  20  1:46  SCV  
  20  1:50  Refinery  
  22  2:04  Reaper  
  22  2:07  Orbital Command  
  21  2:16  Supply Depot  
  21  2:30  Supply Depot  
  21  2:31  Reaper  
  21  2:34  Reaper  
  23  2:38  SCV  
  23  2:41  Reaper  
  24  2:51  SCV  
  24  2:54  Supply Depot  
  25  3:03  SCV, Reaper  
  27  3:06  Reaper  
  28  3:13  Reaper  
  29  3:24  Command Center  
  29  3:27  SCV  
  30  3:35  Reaper  
  31  3:43  SCV  
  33  3:55  SCV  
  34  3:56  Engineering Bay  
  34  4:09  Marine x3  
  31  4:40  Marine x3  
  31  4:42  Missile Turret  
  31  4:43  Orbital Command  
  31  4:45  SCV, Missile Turret  
  33  4:49  Factory  
  33  4:57  SCV  
  33  4:58  Marine x3  
  37  5:09  SCV  
  38  5:15  Marine  
  38  5:16  Marine x2  
  38  5:21  SCV x2  
  42  5:31  Missile Turret  
  42  5:33  SCV x2, Marine x2  
  42  5:34  Marine  
  46  5:47  Starport  
  46  5:50  SCV x2  
  46  5:51  Marine x2  
  50  5:58  Supply Depot  
  50  6:00  Marine  
  50  6:02  SCV x2  
  50  6:04  Factory Tech Lab  
  53  6:09  Marine x2  
  55  6:14  SCV  
  55  6:18  Marine  
  53  6:27  Marine x2  
  48  6:35  Marine  
  49  6:42  Starport  
  49  6:45  Banshee, Cloaking Field, Marine x2  
  49  6:46  Widow Mine  
  56  6:48  SCV  
  56  6:49  SCV  
  56  6:53  Marine  
  59  7:00  SCV  
  60  7:02  Marine  
  60  7:03  Marine  
  62  7:10  SCV  
  62  7:11  Marine  
  64  7:16  Command Center  
  64  7:20  Missile Turret, Marine x2  
  66  7:26  Factory Tech Lab  
  66  7:27  Viking  
  68  7:33  Banshee  
  68  7:35  Barracks Reactor, Supply Depot  
  70  7:38  Marine x2  
  71  7:47  SCV x2  
  73  7:54  Command Center  
  73  7:56  Missile Turret  
  73  7:57  Viking  
  73  7:58  Missile Turret  
  75  8:04  Supply Depot  
  75  8:08  Supply Depot  
  75  8:26  Marine x2  
  77  8:37  SCV  
  75  8:43  Banshee, Marine x2  
  75  8:47  SCV  
  81  8:50  Viking x2  
  81  8:54  Supply Depot  
  85  8:56  Supply Depot  
  85  8:57  Cyclone  
  85  9:01  Marine x2  
  90  9:08  SCV  
  90  9:09  SCV  
  92  9:10  Missile Turret  
  92  9:15  Missile Turret  
  92  9:16  Missile Turret  
  92  9:18  Command Center  
  92  9:20  Viking x2  
  98  9:26  Viking  
  97  9:34  Barracks Tech Lab  
  95  9:43  Orbital Command  
  95  9:45  SCV x2  
  97  9:50  Viking x2, Marine  
  97  9:51  Barracks Tech Lab  
  102  9:56  Viking  
  102  9:57  SCV x2  
  102  9:59  Refinery  
  106  10:04  Refinery  
  106  10:05  Supply Depot, Missile Turret  
  106  10:06  Supply Depot  
  106  10:08  Marine x2  
  106  10:12  SCV x2  
  110  10:18  SCV  
  111  10:24  SCV x2  
  111  10:26  Raven  
  115  10:28  Marine  
  115  10:30  SCV  
  117  10:36  SCV x2  
  117  10:38  Viking  
  117  10:42  SCV  
  118  11:05  Missile Turret  
  118  11:07  Missile Turret  
  118  11:08  Missile Turret  
  118  11:09  Banshee  
  117  11:13  Missile Turret  
  117  11:15  Missile Turret  
  88  11:31  Viking x2  
  89  11:33  Marine x3  
  90  11:47  Siege Tank  
  90  11:51  Marine x3  
  90  11:52  Banshee  
  96  11:55  SCV x3  
  96  12:00  Viking, Barracks x3  
  96  12:01  Barracks x3  
  101  12:02  Barracks  
  101  12:06  Planetary Fortress  
  101  12:08  Marine  
  101  12:09  Marine x2  
  104  12:19  Viking  
  104  12:21  SCV x2  
  108  12:23  Command Center  
  108  12:25  SCV  
  108  12:26  Marine x2  
  108  12:27  Marine  
  112  12:35  Banshee  
  115  12:40  Missile Turret x2  
  103  12:44  Marine x3  
  103  12:49  Marine x3  
  103  12:50  Marine x4  
  95  12:53  SCV x4  
  99  12:58  Combat Shields, Stimpack  
  99  13:00  Viking x2  
  99  13:02  Marine x3  
  99  13:05  SCV x4  
  108  13:07  Marine x3  
  108  13:08  Marine x4  
  108  13:10  Refinery  
  108  13:12  Refinery  
  112  13:20  Marine x3  
  112  13:25  Viking, Marine x4  
  112  13:26  SCV, Marine x3  
  125  13:30  Viking x2  
  125  13:31  SCV x3  
  132  13:38  SCV, Marine x3  
  132  13:39  Missile Turret  
  136  13:43  Missile Turret  
  130  13:56  Marine x6  
  130  13:57  Marine x2  
  130  14:00  Marine x2  
  130  14:02  Siege Tank  
  137  14:13  Marine  
  137  14:14  Marine x4  
  129  14:19  Marine x2  
  129  14:20  Marine x3  
  127  14:31  Marine x2  
  117  14:48  Marine  
  117  14:49  Marine x7  
  109  15:01  Marine x2  
  109  15:03  Siege Tank  
  109  15:04  SCV  
  109  15:06  Marine x6  
  109  15:07  Marine x2  
  112  15:19  Missile Turret, Marine x2  
  112  15:20  Missile Turret  
  112  15:21  Missile Turret  
  114  15:24  Marine x2  
  114  15:28  Marine x2  
  115  15:30  Marine x4  
  115  15:35  Siege Tank  
  122  15:37  Command Center  
  122  15:38  SCV x3  
  122  15:39  Marine x2  
  122  15:41  Marine  
  122  15:42  Marine  
  129  15:43  Viking  
  129  15:45  Marine  
  129  15:46  Marine  
  133  15:50  Command Center  
  133  15:54  Viking x2  
  133  15:55  Marine x2  
  104  16:32  Marine x3  
  104  16:39  Marine x7  
  109  16:50  Planetary Fortress, Marine x3  
  112  16:56  Marine  
  112  16:57  Marine x6  
  119  17:01  Terran Infantry Weapons Level 1  
  119  17:05  Engineering Bay  
  119  17:07  Engineering Bay, Orbital Command  
  119  17:08  Marine x3  
  120  17:14  Marine x2  
  120  17:15  Marine x4  
  128  17:19  Command Center  
  128  17:26  Marine x4  
  128  17:28  Medivac x2  
  138  17:31  Banshee  
  138  17:32  Marine x3  
  138  17:33  Marine x3  
  145  17:49  Marine x4  
  145  17:50  Marine x5  
  154  17:58  Marine, Medivac x2  
  159  17:59  Engineering Bay  
  159  18:06  Armory  
  159  18:07  Marine x4  
  159  18:08  Marine x5  
  168  18:14  Banshee  
  133  19:11  Marine x4  
  133  19:12  Marine x3  
  123  19:17  Marine x3  
  125  19:29  Marine x2  
  127  19:43  Marine x3  
  127  19:47  Banshee  
  127  19:48  Viking x2  
  127  19:49  Marine x7  
  116  20:01  Marine x3  
  116  20:06  Marine  
  116  20:07  Marine x3  
  116  20:15  Marine x3  
  116  20:18  Viking x2  
  116  20:19  Marine x3  
  93  20:24  Marine x3  
  93  20:25  Marine  
  97  20:33  Marine x3  
  98  20:37  Marine x2  
  100  20:45  Marine  
  100  20:46  Marine x2  
  100  20:47  Marine  
  103  20:58  Orbital Command  
  100  21:28  Marine x7  
  100  21:29  Marine x3  
  100  21:30  Banshee  
  112  21:45  Marine x2  
  112  21:53  Marine x6  
  117  22:29  Marine  
Show
View Real Time Build Order
Export as new Build Order

Taitolas Terran 

Build Orders:  

Get SALT Encoding   

  12  0:00  SCV  
  13  0:12  SCV  
  14  0:18  Supply Depot  
  14  0:25  SCV  
  15  0:40  Barracks  
  15  0:42  SCV  
  16  0:52  Refinery  
  16  0:54  SCV  
  17  1:06  SCV  
  18  1:26  SCV  
  19  1:34  Command Center  
  19  1:37  Marine  
  19  1:38  SCV  
  21  1:50  SCV  
  22  1:56  Factory  
  22  1:58  Marine  
  23  2:09  Supply Depot  
  23  2:18  Refinery  
  23  2:31  SCV, Marine  
  25  2:42  Starport  
  25  2:43  Factory Tech Lab  
  25  2:48  Marine  
  27  2:51  SCV  
  27  2:55  Supply Depot, Orbital Command  
  27  3:11  SCV  
  28  3:15  Marine  
  29  3:20  Supply Depot  
  29  3:23  SCV  
  30  3:30  SCV, Factory Tech Lab  
  30  3:32  Barracks  
  30  3:35  Reaper  
  31  3:42  SCV  
  31  3:44  Banshee  
  34  3:52  Widow Mine  
  36  3:56  SCV  
  36  4:01  SCV  
  39  4:14  Cloaking Field  
  37  4:27  Banshee  
  37  4:30  SCV  
  33  4:47  SCV  
  33  4:51  Command Center  
  34  4:57  Siege Tank  
  36  5:02  SCV  
  36  5:10  Banshee  
  36  5:14  SCV x2  
  41  5:27  SCV x2  
  43  5:33  Siege Tank  
  46  5:47  SCV  
  48  5:52  SCV  
  48  5:53  Banshee  
  51  5:59  SCV  
  51  6:04  SCV  
  53  6:07  Siege Tank  
  53  6:11  SCV  
  57  6:16  SCV  
  58  6:20  Barracks Reactor  
  58  6:23  SCV  
  56  6:28  SCV  
  57  6:37  SCV  
  57  6:39  Siege Tank  
  61  6:46  Refinery, Orbital Command  
  61  6:48  Refinery  
  61  7:05  SCV  
  61  7:06  Orbital Command  
  62  7:11  Siege Tank  
  65  7:19  SCV x2  
  67  7:31  SCV, Viking  
  67  7:36  Viking  
  72  7:41  SCV  
  72  7:43  Siege Tank  
  76  7:50  SCV x2  
  78  7:52  Engineering Bay  
  78  7:54  SCV  
  79  8:01  Viking  
  81  8:06  Viking  
  81  8:12  SCV x2  
  85  8:14  SCV  
  85  8:24  Missile Turret  
  85  8:25  Missile Turret  
  82  8:28  Siege Tank  
  82  8:31  Viking  
  87  8:36  Viking  
  87  8:38  Missile Turret  
  89  8:42  SCV x2  
  89  8:45  SCV  
  92  8:54  SCV  
  93  8:57  Factory  
  93  8:59  Factory x2, Refinery  
  93  9:04  Refinery  
  93  9:12  SCV x2, Siege Tank  
  93  9:14  Supply Depot x2, SCV  
  93  9:16  Viking  
  100  9:24  SCV  
  100  9:27  Viking  
  101  9:35  SCV x2  
  101  9:36  SCV  
  104  9:42  Armory  
  104  9:46  Viking  
  104  9:47  SCV x2  
  104  9:49  SCV  
  104  9:50  Factory Tech Lab  
  104  9:51  Command Center  
  104  9:52  Factory Tech Lab  
  109  9:57  Viking  
  109  9:59  SCV x2  
  113  10:01  SCV  
  114  10:08  Siege Tank  
  117  10:18  SCV, Viking  
  117  10:20  Supply Depot  
  120  10:27  Viking  
  122  10:38  Siege Tank x2  
  122  10:40  Siege Tank  
  122  10:41  Refinery  
  122  10:42  Refinery, Terran Vehicle Weapons Level 1  
  131  10:43  Armory  
  131  10:44  SCV x2  
  131  10:48  Supply Depot  
  131  10:49  SCV  
  134  10:50  Supply Depot  
  134  10:56  SCV  
  135  10:58  Factory Tech Lab  
  131  11:19  Siege Tank  
  115  11:42  Viking  
  115  11:43  Viking  
  113  11:47  Siege Tank x3  
  122  12:03  Missile Turret  
  122  12:13  Viking x2  
  126  12:17  Siege Tank  
  126  12:18  SCV, Starport  
  126  12:19  Siege Tank x2, Orbital Command  
  136  12:36  Command Center  
  133  12:37  Command Center  
  128  12:49  Viking, Siege Tank x2  
  128  12:50  Viking  
  133  12:51  Siege Tank  
  133  12:55  SCV x2  
  133  12:56  SCV x2  
  140  13:01  Terran Vehicle Weapons Level 2  
  140  13:03  Terran Ship Weapons Level 1  
  140  13:07  SCV, Armory  
  138  13:24  Starport Reactor  
  138  13:26  Viking x2  
  142  13:35  SCV  
  142  13:36  SCV x2  
  142  13:38  SCV  
  142  13:39  Siege Tank x3  
  155  13:57  Viking  
  155  13:59  Viking  
  155  14:01  Viking x2  
  163  14:15  Siege Tank x2  
  162  14:31  Siege Tank x2  
  164  14:42  Viking  
  153  14:47  Siege Tank  
  137  14:56  SCV x3  
  129  15:03  Orbital Command  
  129  15:04  Orbital Command  
  127  15:09  Viking x3  
  133  15:29  SCV x3  
  133  15:32  Refinery  
  136  15:35  Viking  
  136  15:38  Orbital Command  
  136  15:39  Viking x3  
  144  15:49  SCV x3  
  147  15:59  Orbital Command  
  147  16:02  Siege Tank x2  
  147  16:03  Siege Tank  
  143  16:25  SCV x2  
  143  16:31  Factory Tech Lab  
  143  16:34  Siege Tank  
  143  16:38  Terran Vehicle Weapons Level 3  
  146  16:56  SCV x3  
  151  17:21  Starport Reactor  
  149  17:23  Viking x2  
  149  17:28  SCV x2  
  155  17:33  Siege Tank x3  
  164  17:39  Command Center  
  164  17:54  SCV x3  
  164  17:57  Viking x3  
  173  18:06  SCV  
  163  18:24  Siege Tank x3  
  63  20:45  Orbital Command  
  63  21:13  Orbital Command  
  63  21:48  Command Center  
  63  22:05  SCV  
  64  22:17  SCV  
  65  22:27  Raven  
  65  22:29  SCV  
  68  22:42  SCV  
  69  22:54  SCV  
Tags
 
Add a new tag
Caveats
  • Supply blocks, unpowered buildings, or Contaminate may cause inaccurate times.
  • Supply counts are checked every 10 seconds.